 Dungeon Crawl Stone Soup version 0.21.1-1-g345015f (webtiles) character file.

978 snha the Spear-Bearer (level 8, 0/56 HPs)
             Began as a Merfolk Gladiator on June 3, 2018.
             Was a Follower of Makhleb.
             Splashed by a gnoll's acid (11 damage)
             ... on level 6 of the Dungeon.
             The game lasted 00:12:13 (6050 turns).

snha the Spear-Bearer (Merfolk Gladiator)           Turns: 6050, Time: 00:12:13

Health: 0/56       AC:  7    Str: 18    XL:     8   Next: 17%
Magic:  8/8        EV: 17    Int: 10    God:    Makhleb [*.....]
Gold:   171        SH:  0    Dex: 17    Spells: 7/7 levels left

rFire    . . .     SeeInvis .   a - +1 trident
rCold    . . .     Gourm    .   (no shield)
rNeg     . . .     Faith    .   x - +1 leather armour "Luakh" {Str+4}
rPois    .         Spirit   .   c - +1 helmet
rElec    .         Reflect  .   (no cloak)
rCorr    .         Harm     .   (no gloves)
MR       .....                  l - +0 pair of boots
Stlth    +.........             (no amulet)
HPRegen  0.18/turn              g - +2 ring of dexterity
MPRegen  0.11/turn              e - +3 ring of evasion

@: no status effects
A: change form in water, swift swim, stealthy swim
a: Renounce Religion


You were on level 6 of the Dungeon.
You worshipped Makhleb.
Makhleb was aware of your devotion.
You were not hungry.

You visited 2 branches of the dungeon, and saw 7 of its levels.

You collected 294 gold pieces.
You spent 123 gold pieces at shops.

Inventory:

Hand Weapons
 a - a +1 trident (weapon)
Missiles
 d - 2 throwing nets
 C - 5 tomahawks (quivered)
Armour
 c - a +1 helmet (worn)
 l - a +0 pair of boots (worn)
 x - the +1 leather armour "Luakh" (worn) {Str+4}
   (You found it on level 5 of the Dungeon)

   It affects your strength (+4).
Jewellery
 e - a +3 ring of evasion (right hand)
 g - a +2 ring of dexterity (left hand)
 q - an uncursed amulet of guardian spirit
 v - an uncursed ring of positive energy
Wands
 z - a wand of random effects (31)
Scrolls
 h - a scroll of identify
 i - 3 scrolls of teleportation
 m - 6 scrolls of blinking
 r - a scroll of amnesia
 s - 4 scrolls of remove curse
 w - a scroll of enchant armour
 y - a scroll of fear
Potions
 j - a potion of curing
 k - 2 potions of heal wounds
 t - 3 potions of agility
 A - a potion of ambrosia
 B - a potion of flight
Comestibles
 f - 14 rations
 u - 17 chunks of flesh


   Skills:
 - Level 2.1 Fighting
 + Level 13.2 Polearms
 - Level 2.0 Throwing
 - Level 4.0 Dodging


You had 7 spell levels left.
You didn't know any spells.

Dungeon Overview and Level Annotations

Branches:
Dungeon (6/15)             Temple (1/1) D:6

Altars:
Ashenzari
Elyvilon
Makhleb
Qazlal
Ru
Sif Muna
Trog
Yredelemnul
Zin
The Shining One

Shops:
D:4 *:[*


Message History

The gnoll barely misses you.
Attack whom?
Press: ? - help, Dir - move target cursor, f/p - gnoll
Aim: a gnoll, wielding a spear (lightly wounded)
You reach to attack!
You completely miss the gnoll.
The gnoll is lightly wounded.
The gnoll zaps a wand.
The bolt of acid hits the gnoll.
The gnoll is splashed with acid.
The acid corrodes the gnoll!
The gnoll dies!
The bolt of acid hits you!
You are splashed with acid!
The acid burns!
A gnoll comes into view. It is wielding an enchanted halberd.
Evoke which item? (* to show all) (? for menu, Esc to quit)
Aiming: Random Effects
Press: ? - help, Shift-Dir - straight line, f - gnoll
Aim: a gnoll, wielding a spear and carrying a wand of acid (7) (fast)
The gnoll resists with significant effort.
The gnoll zaps a wand.
The bolt of acid hits you!
* * * LOW HITPOINT WARNING * * *
You are splashed with acid!
The acid burns!
You die...

##### ..#####...# ### #####
........#.######.###...########
...........g).@...........>...#
.....#g....####.....#..#######
..#..#...#.#.##....##.#..#
........._..........#..#..#
.........####..........#..#
.........####....#........#
#.....#..........#.....#.##
#............##..........##
#.....#......##..#..#.....###


You could see 2 gnolls.

Vanquished Creatures
  A black bear (D:6)
  A bullfrog (D:6)
  2 scorpions
  2 howler monkeys (D:6)
  2 crimson imps (D:5)
  A bullfrog zombie (D:6)
  A bullfrog skeleton (D:4)
  2 hounds
  An iguana (D:4)
  6 worker ants
  4 orc wizards
  5 adders
  A shadow imp (D:5)
  An adder skeleton (D:4)
  4 worms
  4 dart slugs
  5 leopard geckos
  7 orcs
  4 giant cockroaches
  9 hobgoblins
  13 jackals
  3 quokkas
  13 bats
  5 frilled lizards
  5 goblins
  4 kobolds (D:1)
  A quokka skeleton (D:6)
  8 rats
115 creatures vanquished.

Vanquished Creatures (others)
  2 gnolls (D:6)
2 creatures vanquished.

Grand Total: 117 creatures vanquished

Notes
Turn   | Place    | Note
-------+----------+-------------------------------------------
     0 | D:1      | snha the Merfolk Gladiator began the quest for the Orb.
     0 | D:1      | Reached XP level 1. HP: 16/16 MP: 1/1
    89 | D:1      | Reached skill level 5 in Polearms
   257 | D:1      | Reached XP level 2. HP: 22/22 MP: 2/2
   651 | D:1      | Reached skill level 6 in Polearms
   651 | D:1      | Reached XP level 3. HP: 24/27 MP: 3/3
  1144 | D:2      | Found a white marble altar of Elyvilon.
  1194 | D:2      | Reached skill level 7 in Polearms
  1194 | D:2      | Reached XP level 4. HP: 25/33 MP: 4/4
  2575 | D:3      | Reached skill level 8 in Polearms
  2575 | D:3      | Reached XP level 5. HP: 8/38 MP: 5/5
  3299 | D:4      | Reached skill level 9 in Polearms
  3319 | D:4      | Found a burning altar of Makhleb.
  3325 | D:4      | Reached XP level 6. HP: 32/44 MP: 6/6
  3328 | D:4      | Noticed a cacodemon
  3332 | D:4      | Noticed an orange demon
  3332 | D:4      | Noticed a hellwing
  3334 | D:4      | Became a worshipper of Makhleb the Destroyer
  3437 | D:4      | Found Ugoudab's Armour Emporium.
  3611 | D:4      | Found Epimixt's General Store.
  3614 | D:4      | Bought a scroll of blinking for 97 gold pieces
  3614 | D:4      | Bought a scroll of identify for 26 gold pieces
  3868 | D:4      | Found Mepp's Book Boutique.
  3951 | D:4      | Reached skill level 10 in Polearms
  4409 | D:4      | Found Timoo's General Store.
  4578 | D:5      | Entered Level 5 of the Dungeon
  5163 | D:5      | Reached skill level 11 in Polearms
  5163 | D:5      | Reached XP level 7. HP: 49/50 MP: 7/7
  5296 | D:5      | Got a twisted leather armour
  5760 | D:6      | Identified the +1 leather armour "Luakh" {Str+4} (You found it on level 5 of the Dungeon)
  5788 | D:6      | Reached skill level 12 in Polearms
  5854 | D:6      | Found a staircase to the Ecumenical Temple.
  5864 | D:6      | Found a stormy altar of Qazlal.
  5880 | Temple   | Entered the Ecumenical Temple
  5950 | D:6      | Reached * piety under Makhleb
  5950 | D:6      | Reached XP level 8. HP: 55/56 MP: 8/8
  5963 | D:6      | Reached skill level 13 in Polearms
  5977 | D:6      | Found a bloodstained altar of Trog.
  6050 | D:6      | Splashed by a gnoll's acid

Skill      XL: |  1  2  3  4  5  6  7  8 |
---------------+-------------------------+-----
Polearms       | 5 6 7 8 9 11 12 13 | 13.2
Fighting       | |  2.1
Throwing       | |  2.0
Dodging        | |  4.0

Action                   |  1- 3 |  4- 6 |  7- 9 || total
-------------------------+-------+-------+-------++-------
Melee: Trident           |   145 |   250 |   111 ||   506
       Tailslap          |     3 |     2 |       ||     5
Throw: Tomahawk          |       |     9 |     6 ||    15
       Throwing net      |       |       |     1 ||     1
Evoke: Wand              |       |       |     1 ||     1
  Use: Potion            |       |     1 |     1 ||     2
       Scroll            |       |       |    14 ||    14
 Stab: Sleeping          |     2 |       |       ||     2
  Eat: Chunk             |     1 |    11 |     1 ||    13
       Ration            |       |       |     1 ||     1
Armor: Leather armour    |    24 |       |     5 ||    29
       Ring mail         |     7 |    67 |    10 ||    84
Dodge: Dodged            |    88 |   104 |    37 ||   229
